 Dungeon Crawl Stone Soup version 0.19.5 (webtiles) character file.

57 Shoikan the Skirmisher (level 3, -6/51 HPs)
             Began as a Minotaur Berserker on Mar 16, 2017.
             Was a Believer of Trog.
             Mangled by a worm (8 damage)
             ... on level 3 of the Dungeon.
             The game lasted 00:05:26 (1913 turns).

Shoikan the Skirmisher (Minotaur Berserker)         Turns: 1913, Time: 00:05:27

Health: -6/51      AC:  6    Str: 26    XL:     3   Next: 73%
Magic:  2/2        EV: 11    Int:  4    God:    Trog [**....]
Gold:   86         SH:  0    Dex: 10    Spells: 0 memorised, 2 levels left

rFire  . . .     SeeInvis .     a - +0 mace
rCold  . . .     Gourm    .     i - +0 scale mail
rNeg   . . .     Faith    .     (no shield)
rPois  .         Spirit   .     (helmet restricted)
rElec  .         Reflect  .     (no cloak)
rCorr  .         Harm     .     (no gloves)
MR     .....                    (no boots)
Stlth  ..........               (no amulet)
                                (no ring)
                                (no ring)

@: berserking, very quick
A: retaliatory headbutt, horns 2
a: Berserk, Trog's Hand, Burn Spellbooks, Renounce Religion


You were on level 3 of the Dungeon.
You worshipped Trog.
Trog was pleased with you.
You were very hungry.

You visited 1 branch of the dungeon, and saw 3 of its levels.

You collected 86 gold pieces.

Inventory:

Hand Weapons
 a - a +0 mace (weapon)
Armour
 i - a +0 scale mail (worn)
Jewellery
 p - an uncursed ring of flight {unknown}
Scrolls
 b - a scroll of fear {unknown}
 g - 2 scrolls of random uselessness {unknown}
 j - a scroll of immolation {unknown}
 n - 2 scrolls of remove curse {unknown}
 o - a scroll of noise {unknown}
 q - a scroll of enchant weapon {unknown}
Potions
 e - a potion of degeneration {unknown}
 h - a potion of lignification {unknown}
 k - a potion of mutation {unknown}
 r - a potion of ambrosia {unknown}
Comestibles
 c - a bread ration
 d - a royal jelly
 f - a meat ration
 l - 2 beef jerkies
 m - a slice of pizza


   Skills:
 + Level 4.6 Fighting
 + Level 4.4 Maces & Flails
 + Level 2.8 Armour
 + Level 2.5 Dodging


You had 2 spell levels left.
You didn't know any spells.

Dungeon Overview and Level Annotations

Branches:
Dungeon (3/15)

Altars:
Gozag
Kikubaaqudgha
Nemelex Xobeh

Annotations:
D:3 equalderp2856's ghost, amateur FeFi


Innate Abilities, Weirdness & Mutations

You reflexively headbutt those who attack you in melee.
You have a pair of horns on your head.


Message History

You closely miss the bat. You headbutt the bat.
You kill the bat!
Trog accepts your kill.
You see here a bat corpse.
You closely miss equalderp2856's ghost.
Your headbutt misses equalderp2856's ghost.
Equalderp2856's ghost hits you.
You closely miss equalderp2856's ghost.
Equalderp2856's ghost hits you but does no damage.
You barely miss equalderp2856's ghost. Equalderp2856's ghost hits you! x2
* * * LOW HITPOINT WARNING * * *
A red film seems to cover your vision as you go berserk!
You feel yourself moving faster!
You feel mighty!
You are feeling very hungry.
Equalderp2856's ghost hits you!
* * * LOW HITPOINT WARNING * * *
You barely miss equalderp2856's ghost.
Your headbutt misses equalderp2856's ghost.
The worm bites you!
You die...

##.## #..#
.............# ##.##
.....?.$....# #..#
...........# ####.####
..........# ....(...+
.....>...# #####)###
..[.....# #.## #+#
#Ww...... #####..# #.#
#@....... ....##.#
#.####.?......
....##.####.#.......!...
....#.......'...........
...##..####.#.[.########
...##...# #.#####
........###.#
..........#.#
.......#..#.#


You could see a worm and equalderp2856's ghost.

Vanquished Creatures
  An ooze (D:3)
  2 worms
  2 dart slugs
  5 bats
  A bat zombie (D:2)
  A giant cockroach (D:2)
  6 goblins
  3 hobgoblins
  7 kobolds
  5 frilled lizards
  4 rats
  3 rat zombies (D:2)
40 creatures vanquished.

Notes
Turn   | Place    | Note
-------+----------+-------------------------------------------
     0 | D:1      | Shoikan the Minotaur Berserker began the quest for the Orb.
     0 | D:1      | Reached XP level 1. HP: 19/19 MP: 0/0
   333 | D:1      | Reached XP level 2. HP: 19/27 MP: 1/1
  1103 | D:2      | Found a sparkling altar of Nemelex Xobeh.
  1311 | D:2      | Reached XP level 3. HP: 25/34 MP: 2/2
  1427 | D:2      | Reached ** piety under Trog
  1428 | D:2      | Found an ancient bone altar of Kikubaaqudgha.
  1603 | D:2      | Found an opulent altar of Gozag.
  1906 | D:3      | Noticed equalderp2856's ghost (amateur FeFi)
  1912 | D:3      | HP: 1/51 [equalderp2856's ghost (11)]
  1913 | D:3      | Mangled by a worm

Skill      XL: |  1  2 |
---------------+-------+-----
Fighting       | 4 |  4.6
Maces & Flails | 4 |  4.4
Armour         | |  2.8
Dodging        | |  2.5

Action                   || total
-------------------------++-------
Melee: Mace              ||    78
       Headbutt          ||    12
Invok: Berserk           ||     1
 Stab: Sleeping          ||     1
  Eat: Chunk             ||     3
Armor: Scale mail        ||    29
       Animal skin       ||     1
Dodge: Dodged            ||    51
